 Dungeon Crawl Stone Soup version 0.15-a0-2352-g26abbdd (webtiles) character file.

7 Charly the Caller (level 1, -5/7 HPs)
             Began as a Felid Summoner on July 31, 2014.
             Slain by an iguana (8 damage)
             ... on Level 4 of the Dungeon.
             The game lasted 00:06:43 (488 turns).

Charly the Caller (Felid Summoner)                   Turns: 488, Time: 00:06:43

HP  -5/7         AC  1     Str  4      XL: 1   Next: 83%
MP   1/4         EV 18     Int 16      God:
Gold 13          SH  0     Dex 16      Spells:  1 memorised,  3 levels left
Lives: 0, deaths: 0

rFire  . . .     SeeInvis +     (weapon unavailable)
rCold  . . .     Clarity  .     (armour unavailable)
rNeg   . . .     rCorr    .     (shield unavailable)
rPois  .         rRot     .     (helmet unavailable)
rElec  .         Spirit   .     (cloak unavailable)
SustAb .         Warding  .     (gloves unavailable)
rMut   .         Stasis   .     (boots unavailable)
Gourm  .                        (no amulet)
MR     .....                    (no ring)
                                h - cursed ring of loudness

@: very slightly contaminated, quick, not resistant to hostile enchantments,
unstealthy
A: paw claws, no armour, no weapons or thrown items, fangs 3, see invisible,
carnivore 3, speed 1, shaggy fur 1, slow metabolism 1, jump 1
a: Jump Attack


You were on level 4 of the Dungeon.
You were not hungry.

You visited 1 branch of the dungeon, and saw 4 of its levels.

You collected 13 gold pieces.

Inventory:

Comestibles
 c - a meat ration
 d - 2 beef jerkies
Scrolls
 e - 2 scrolls of remove curse {unknown}
 j - a scroll of identify
Jewellery
 h - a cursed ring of loudness (left paw)
Potions
 a - a potion of haste
 f - a potion of mutation {unknown}
 g - a potion of brilliance {unknown}
 i - a potion of curing {unknown}
Books
 b - a book of Callings

   Spells                             Type                      Level
   *Summon Small Mammal               Summoning                    1
   Call Imp                           Summoning                    2
   Call Canine Familiar               Summoning                    3
   Summon Guardian Golem              Hexes/Summoning              4
   Summon Lightning Spire             Summoning/Air                4
   Summon Ice Beast                   Ice/Summoning                4


   Skills:
 - Level 2.6 Dodging
 - Level 2.6 Stealth
 - Level 2.0 Spellcasting
 + Level 4.4 Summonings


You had 3 spell levels left.
You knew the following spells:

 Your Spells              Type           Power        Failure   Level  Hunger
m - Summon Small Mammal   Summ           ###.         4%          1    #......


Dungeon Overview and Level Annotations

Branches:
Dungeon (4/15)
 Temple: D:4-7

Altars:


Innate Abilities, Weirdness & Mutations

You cannot wear armour.
You are incapable of wielding weapons or throwing items.
Your paws have sharp claws.
You have razor-sharp teeth.
You have supernaturally acute eyesight.
You are carnivorous and can eat meat at any time.
You cover ground quickly.
You are covered in fur (AC +1).
You have a slow metabolism.
You can jump attack at a short distance.


Message History

You are very lightly contaminated with residual magic.
Strange energies run through your body.
Your bat hits the hobgoblin but does no damage.
The hobgoblin barely misses your quokka.
Your quokka closely misses the hobgoblin.
Your bat closely misses the hobgoblin.
Your quokka bites the hobgoblin but does no damage.
The hobgoblin misses your quokka.
Your bat hits the hobgoblin but does no damage. x2
Your quokka bites the hobgoblin.
The hobgoblin dies!
Your quokka closely misses the kobold.
The iguana bites your bat!
Your bat dies!
Your bat's corpse disappears in a puff of smoke!
Your quokka closely misses the kobold.
Your quokka bites the kobold.
You scratch the kobold but do no damage.
The kobold is moderately wounded.
The goblin closely misses your quokka. The iguana bites you!
Ouch! That really hurt!
You die...

.g..K....+.........#.....+
.........#..l..lg..'.....#
..........###'####.####..#.
##(####.####.### ####
#..g.#..........
#...r#..........
#....)..........
#..Kl#..........#
#...@#..........
#....#........
#############


You could see an iguana, a goblin, a kobold and a friendly quokka.

Vanquished Creatures
  A bat (D:2)
  A quokka (D:3)
  A giant cockroach (D:4)
3 creatures vanquished.

Vanquished Creatures (collateral kills)
  2 hobgoblins
  A quokka (D:2)
  A giant cockroach (D:1)
  2 rats
6 creatures vanquished.

Vanquished Creatures (others)
  3 quokkas
  5 bats
  8 rats
16 creatures vanquished.

Grand Total: 25 creatures vanquished

Notes
Turn   | Place    | Note
--------------------------------------------------------------
     0 | D:1      | Charly, the Felid Summoner, began the quest for the Orb.
     0 | D:1      | Reached XP level 1. HP: 7/7 MP: 4/4
   349 | D:4      | Noticed an iguana
   488 | D:4      | Slain by an iguana

Action                   || total
-------------------------++-------
Melee: Unarmed           ||    21
 Cast: Summon Small Mamm ||    31
  Use: Scroll            ||     2
